 Dungeon Crawl Stone Soup version 0.28.0 (webtiles) character file.

Game seed: 14340292544480082136

41 Ayyar the Ruffian (level 3, -1/35 HPs)
             Began as an Ogre Transmuter on Apr 22, 2022.
             Succumbed to a goblin's poison
             ... on level 1 of the Dungeon.
             The game lasted 00:04:15 (1641 turns).

Ayyar the Ruffian (Ogre Transmuter)                 Turns: 1641, Time: 00:04:16

Health: -1/35      AC:  3    Str: 16    XL:     3   Next: 52%
Magic:  6/7        EV: 10    Int: 14    God:
Gold:   50         SH:  0    Dex:  9    Spells: 6/7 levels left

rFire   . . .      SeeInvis .     - Unarmed
rCold   . . .      Faith    .   (no shield)
rNeg    . . .      Spirit   .   a - +0 robe
rPois   .          Reflect  .   (helmet currently unavailable)
rElec   .          Harm     .   (no cloak)
rCorr   .          Rampage  .   (gloves unavailable)
Will    .....                   (boots unavailable)
Stlth   +.........              (no amulet)
HPRegen 0.11/turn               (no ring)
MPRegen 0.10/turn               (no ring)

@: lethally poisoned (-1 -> -14), appendages (expiring)
A: horns 2, talons 2, large, unfitting armour, tough skin 1
a: End Transformation


You were on level 1 of the Dungeon.
You had temporarily grown beastly horns and talons.
You visited 1 branch of the dungeon, and saw 2 of its levels.

You collected 50 gold pieces.

Inventory:

Armour
 a - a +0 robe (worn)
Scrolls
 d - a scroll of brand weapon {unknown}
Potions
 b - a potion of haste {unknown}
 c - a potion of ambrosia {unknown}


   Skills:
 + Level 2.2 Fighting
 + Level 2.2 Dodging
 + Level 3.0 Unarmed Combat
 + Level 2.9 Spellcasting
 + Level 2.2 Transmutations


You had 6 spell levels left.
You knew the following spells:

 Your Spells              Type           Power      Damage    Failure   Level
a - Beastly Appendage     Tmut           16%        N/A       9%          1

Your spell library contained the following spells:

 Spells                   Type           Power      Damage    Failure   Level
 Wereblood                Tmut           8%         N/A       13%         2
 Static Discharge         Conj/Air       2%         N/A       32%         2
 Spider Form              Tmut/Pois      5%         N/A       38%         3
 Ice Form                 Ice/Tmut       5%         N/A       80%         4
 Lightning Bolt           Conj/Air       1%         1d12      99%         5
 Maxwell's Capacitive Co  Air            1%         ∞         100%        8


Dungeon Overview and Level Annotations

Branches:
Dungeon (2/15)

Altars:

Annotations:
D:2 Robin


Innate Abilities, Weirdness & Mutations

You have temporarily grown beastly horns and talons.
You are too large for most types of armour.
You have tough skin. (AC +1)


Message History

Robin roars a battlecry!
The goblins go into a battle-frenzy!
The goblin closely misses you.
You hit the hobgoblin.
You claw the hobgoblin, but do no damage.
You headbutt the hobgoblin, but do no damage.
The hobgoblin is moderately wounded.
The hobgoblin hits you. The goblin hits you but does no damage.
You are poisoned.
The goblin barely misses you.
You feel sick. The hobgoblin hits you. The bat completely misses you.
Robin says, "Bow before me, strongest of all the hobgoblins!"
The goblin hits you with a +0 dagger of venom.
You are more poisoned.
The goblin hits you but does no damage.
You climb upwards.
You feel very sick.
There is a stone staircase leading down here.
You are too injured to fight recklessly!
You are too injured to fight recklessly!
You are too injured to fight recklessly!
You hit the hobgoblin but do no damage.
The hobgoblin is moderately wounded.
You feel sick. The hobgoblin completely misses you.
The goblin barely misses you. The goblin hits you with a +0 dagger.
* * * LOW HITPOINT WARNING * * *
You closely miss the hobgoblin. Your kick misses the hobgoblin.
Your headbutt misses the hobgoblin.
The hobgoblin is moderately wounded.
Your transformation is almost over.
* * * LOW HITPOINT WARNING * * *
You feel sick. The hobgoblin hits you.
* * * LOW HITPOINT WARNING * * *
The goblin hits you with a +0 dagger of venom.
* * * LOW HITPOINT WARNING * * *
You are more poisoned.
The goblin hits you but does no damage.
You hit the hobgoblin.
The hobgoblin is almost dead.
You die...

.# #.###♣PP.P#♣#.... †# #.#
♣#P...♣###.# '################.#
PP...P#♣##.#
...##...........#'####P.÷..#P##.#
...##.##.......#...##..###P.# #.#
...##.##.####..#...#P.....PP♣##.#
...##.##.####..#...#♣P.....P♣#...
............#..##g.#♣.......##...
...............g@###P...§...♣##.#
...............#g# #♣≈...§..# #.#
##.....#.##.##.#.# #P..÷..P♣ #.#
##.8.8...##.##.#.# #PP...PP♣ #.#
...#'#....#.##.#.###♣♣##)#.♣♣ #.#
...#.#....#.##.#...# #.### #.#
.###.###..#..#.#..######..### #.#
.#8...8#.###.#.#..#.........###.#
.#.)_..#.# #.#.#..#.#####.#.....#


You could see a hobgoblin (strong) and 2 goblins.

Vanquished Creatures
  A gnoll (D:1)
  4 ball pythons (D:1)
  An endoplasm (D:1)
  A goblin (D:2)
  2 hobgoblins (D:1)
  3 quokkas (D:1)
  4 bats (D:1)
  3 frilled lizards (D:1)
  6 kobolds (D:1)
  5 rats (D:1)
30 creatures vanquished.

Vanquished Creatures (others)
  10 plants (D:1)
10 creatures vanquished.

Grand Total: 40 creatures vanquished

Notes
Turn   | Place    | Note
-------+----------+-------------------------------------------
     0 | D:1      | Ayyar the Ogre Transmuter began the quest for the Orb.
     0 | D:1      | Reached XP level 1. HP: 19/19 MP: 3/3
    53 | D:1      | Found a faded altar of an unknown god.
   216 | D:1      | Reached XP level 2. HP: 28/28 MP: 3/5
  1131 | D:1      | Reached XP level 3. HP: 30/35 MP: 5/7
  1206 | D:1      | Reached skill level 3 in Unarmed Combat
  1634 | D:2      | Noticed Robin
  1640 | D:1      | HP: 1/35 [goblin (1)]
  1641 | D:1      | Succumbed to a goblin's poison

Illustrated notes

Levels and vault maps discovered:
D:1:      ncdulo_watergridlock, layout_basic,
          dreamdust_ecumenical_altar_angels_and_demons, lexackson_kobold_supper
D:2:      layout_rooms, chequers_serial_rivers_large_b, uniq_robin, uniq_terence

Skill      XL: |  1  2  3 |
---------------+----------+-----
Transmutations | 2 |  2.2
Dodging        | 2 |  2.2
Fighting       | 2 |  2.2
Unarmed Combat | 3 |  3.0
Spellcasting   | |  2.9

Action                   || total
-------------------------++-------
Melee: Unarmed           ||   143
       Headbutt          ||    10
       Kick              ||    25
       Punch             ||     3
 Cast: Beastly Appendage ||    19
Armor: Robe              ||    29
Dodge: Dodged            ||    37
